 Dungeon Crawl Stone Soup version 0.24.0-1-gfbc8707122 (webtiles) character file.

Game seed: 9174751005279041824, levelgen mode: deterministic

375 mortelune the Skirmisher (level 7, 0/57 HPs)
             Began as a Formicid Abyssal Knight on Oct 26, 2019.
             Was a Priest of Lugonu.
             Slain by an ogre
             ... wielding a +0 giant club
              (18 damage)
             ... on level 3 of the Dungeon.
             The game lasted 00:06:09 (3102 turns).

mortelune the Skirmisher (Formicid Abyssal Knight)  Turns: 3102, Time: 00:06:09

Health: 0/57       AC:  9    Str: 18    XL:     7   Next: 3%
Magic:  8/8        EV:  7    Int: 12    God:    Lugonu [***...]
Gold:   107        SH:  0    Dex: 10    Spells: 6/6 levels left

rFire    . . .     SeeInvis +   a - +1 falchion
rCold    . . .     Gourm    .   (no shield)
rNeg     . . .     Faith    .   f - +0 chain mail
rPois    .         Spirit   .   (helmet unavailable)
rElec    .         Reflect  .   (no cloak)
rCorr    .         Harm     .   (no gloves)
MR       .....                  (no boots)
Stlth    ..........             (no amulet)
HPRegen  0.19/turn              (no ring)
MPRegen  0.11/turn              (no ring)

@: no status effects
A: permanent stasis, dig shafts and tunnels, four strong arms, antennae 3
a: Dig, Shaft Self, Depart the Abyss, Bend Space, Banish, Renounce Religion


You were on level 3 of the Dungeon.
You worshipped Lugonu.
Lugonu was most pleased with you.
You were hungry.

You visited 1 branch of the dungeon, and saw 3 of its levels.
You visited the Abyss 1 time.

You collected 107 gold pieces.

Inventory:

Hand Weapons
 a - a +1 falchion (weapon)
Armour
 b - a +0 leather armour
 f - a +0 chain mail (worn)
 m - a +0 scale mail
Scrolls
 e - a scroll of immolation {unknown}
 h - 3 scrolls of identify {unknown}
 l - a scroll of amnesia {unknown}
 o - a scroll of enchant weapon {unknown}
 p - a scroll of teleportation {unknown}
Potions
 d - a potion of flight {unknown}
 g - 5 potions of curing {unknown}
 i - 2 potions of cancellation {unknown}
 k - 2 potions of magic {unknown}
 n - a potion of mutation {unknown}
Comestibles
 c - 4 rations


   Skills:
 * Level 5.6 Fighting
 * Level 4.6 Long Blades
 + Level 3.8 Armour
 - Level 0.8 Dodging
 - Level 2.1 Invocations


You had 6 spell levels left.
You didn't know any spells.
Your spell library was empty.

Dungeon Overview and Level Annotations

Branches:
Dungeon (3/15)

Altars:
Okawaru


Innate Abilities, Weirdness & Mutations

You cannot be hasted, slowed, berserked, paralysed or teleported.
You can dig through walls and to a lower floor.
Your four strong arms can wield two-handed weapons with a shield.
You have a pair of large antennae on your head. (SInv)


Message History

The ogre barely misses you.
You hit the ogre but do no damage.
The ogre is moderately wounded.
The ogre hits you with a +0 giant club!
You hit the ogre.
The ogre is heavily wounded.
You barely miss the ogre.
The ogre is heavily wounded.
The ogre hits you but does no damage.
Your chain mail prevents you from hitting the ogre.
The ogre is heavily wounded.
The ogre hits you with a +0 giant club!
* * * LOW HITPOINT WARNING * * *
You hit the ogre.
The ogre is severely wounded.
The ogre closely misses you.
You hit the ogre.
The ogre is severely wounded.
The ogre hits you with a +0 giant club!!
You die...

#.........<..#.#
##############[#
#.# #.# ####.. #.#
###8..... ##{#
#.'.O..._ #..# #O#
#{.# #@##### #..#
#.##..# ##.#
#.....# ##.#
####..#########..#
##'#..........#
#.#.########.#
#.#.#...)..#.#
#.#.##.###.#.#
#.#.#...<#.#.#


You could see an ogre.

Vanquished Creatures
  Sigmund (D:2)
  Jessica (D:2)
  An orc wizard (D:3)
  6 adders
  3 oozes
  A worm (D:2)
  3 dart slugs
  2 leopard geckos (D:3)
  5 orcs
  A ball python (D:3)
  4 giant cockroaches
  12 goblins
  5 hobgoblins
  8 jackals (D:1)
  A quokka (D:3)
  5 bats
  4 frilled lizards
  12 kobolds
  10 rats
85 creatures vanquished.

Notes
Turn   | Place    | Note
-------+----------+-------------------------------------------
     0 | Abyss:1  | mortelune the Formicid Abyssal Knight began the quest for
                  | the Orb.
     0 | Abyss:1  | Reached XP level 1. HP: 18/18 MP: 2/2
     3 | Abyss:1  | Found a corrupted altar of Lugonu.
    26 | Abyss:1  | Noticed a hell hound
    26 | Abyss:1  | Noticed a tormentor
    27 | D:1      | Escaped the Abyss
   102 | D:1      | Reached * piety under Lugonu
   102 | D:1      | Reached XP level 2. HP: 19/24 MP: 3/3
   405 | D:1      | Reached XP level 3. HP: 28/30 MP: 4/4
   822 | D:1      | Reached skill level 4 in Fighting
  1278 | D:2      | Reached XP level 4. HP: 34/37 MP: 5/5
  1318 | D:2      | Reached ** piety under Lugonu
  1362 | D:2      | Noticed Jessica
  1368 | D:2      | Killed Jessica
  1681 | D:2      | Reached XP level 5. HP: 43/43 MP: 6/6
  1697 | D:2      | Noticed Sigmund
  1716 | D:2      | Killed Sigmund
  1716 | D:2      | Reached skill level 5 in Fighting
  1716 | D:2      | Reached XP level 6. HP: 43/51 MP: 7/7
  2643 | D:3      | Reached *** piety under Lugonu
  2729 | D:3      | Reached XP level 7. HP: 53/56 MP: 8/8
  3090 | D:3      | Found an iron altar of Okawaru.
  3102 | D:3      | Slain by an ogre

Levels and vault maps discovered:
D:1:      scummos_arrival_simple_crosswalls, layout_basic
D:2:      layout_loops_ring, first_ration, uniq_sigmund, uniq_jessica
D:3:      minmay_recursive_quarters, layout_basic, doesnt_xom_only_xom

Skill      XL: |  1  2  3  4  5 |
---------------+----------------+-----
Fighting       | 4 5 |  5.6
Long Blades    | 3 4 |  4.6
Armour         | 3 |  3.8
Dodging        | |  0.8
Invocations    | |  2.1

Action                   |  1- 3 |  4- 6 |  7- 9 || total
-------------------------+-------+-------+-------++-------
Melee: Falchion          |   108 |   195 |    22 ||   325
Invok: Depart the Abyss  |     1 |       |       ||     1
  Eat: Chunk             |     1 |     5 |     1 ||     7
Armor: Leather armour    |    21 |       |       ||    21
       Chain mail        |    23 |   115 |     3 ||   141
Dodge: Dodged            |    60 |    90 |     8 ||   158
       Rpst.: Falchion   |    12 |    24 |     1 ||    37
